AoeStats
← Super-Skurken

Acropolis

503583714Analyzed
1v1 RM · 1mo ago on Sep 1, 2026· 56m 22s· 2 players
Game mode
Random Map
Map size
Tiny (2 player)
Population
200
Speed
Normal
Resources
Standard
Victory
Conquest
Starting age
Dark Age
Ending age
Imperial Age
RankedLock teamsTeams togetherTeam positionsShared explorationLock speedFull tech treeHidden civsTurbo modeCheats
Victory
Defeat
🇷🇺 Magyars · Russia
1043
+17
🇳🇴 Poles · Norway
1063
-17
ArtemTyumen
8:42 Loom
10:53 Feudal Age
12:00 Double-Bit Axe
15:40 Horse Collar
20:53 Castle Age
19:07 Fletching
19:24 Padded Archer Armor
20:36 Bloodlines
24:27 Bodkin Arrow
28:11 Leather Archer Armor
28:44 Husbandry
28:57 Pikeman
30:17 Scale Mail Armor
31:19 Bow Saw
32:28 Wheelbarrow
33:14 Ballistics
34:43 Thumb Ring
38:37 Imperial Age
35:56 Treadmill Crane
38:12 Hand Cart
39:01 Gold Mining
41:59 Bracer
43:50 Heavy Cavalry Archer
46:16 Recurve Bow
48:13 Chemistry
50:04 Gold Shaft Mining
51:02 Town Watch
52:24 Parthian Tactics
55:09 Conscription
Super-Skurken
8:43 Loom
11:17 Feudal Age
11:49 Double-Bit Axe
11:53 Horse Collar
18:04 Castle Age
18:29 Bloodlines
19:37 Husbandry
20:54 Scale Barding Armor
21:08 Forging
26:13 Wheelbarrow
27:50 Chain Barding Armor
29:02 Town Watch
30:38 Town Patrol
32:32 Iron Casting
31:49 Fletching
32:36 Devotion
37:38 Szlachta Privileges
43:56 Imperial Age
44:24 Bodkin Arrow
44:51 Ballistics
46:26 Hand Cart
46:34 Conscription
48:58 Light Cavalry
50:01 Lechitic Legacy
50:46 Blast Furnace
49:47 Bracer
50:15 Winged Hussar
55:58 Bow Saw
55:50 Heavy Plow
Connection lost

Rejoining the realm…

Still unreachable

The connection could not be restored.

Session expired

The server has moved on; the page needs a fresh start.